 Dungeon Crawl Stone Soup version 0.31.0-11-ge490571c62 (webtiles) character file.

Game seed: 1428612791173447969

149 qw the Skirmisher (level 5, 0/29 HPs)
             Began as a Deep Elf Hunter on Feb 4, 2024.
             Slain by a goblin
             ... wielding a +0 dagger
             ... led by Robin
              (4 damage)
             ... on level 3 of the Dungeon.
             The game lasted 00:00:06 (1601 turns).

qw the Skirmisher (Deep Elf Hunter)                 Turns: 1601, Time: 00:00:06

Health: 0/29       AC:  5    Str: 10    XL:     5   Next: 9%
Magic:  7/7        EV: 11    Int: 14    God:
Gold:   127        SH:  0    Dex: 18    Spells: 4/4 levels left

rFire   + + .        a - +0 shortbow
rCold   . . .        (shield currently unavailable)
rNeg    . . .        i - +0 ring mail of Vanity {rF+}
rPois   .            (no helmet)
rElec   .            (no cloak)
rCorr   .            (no gloves)
SInv    .            (no boots)
Will    .....        (no amulet)
Stlth   +            b - ring of protection from fire
HPRegen 0.24/turn    (no ring)
MPRegen 0.10/turn

%: no passive effects
@: no status effects
A: no striking features
a: no special abilities


You were on level 3 of the Dungeon.
You visited 1 branch of the dungeon, and saw 3 of its levels.

You collected 127 gold pieces.


   Skills:
 - Level 1.5 Fighting
 + Level 8.5 Ranged Weapons
 - Level 2.4 Dodging
 - Level 1.2 Stealth


You had 4 spell levels left.
You didn't know any spells.
Your spell library was empty.

Inventory:

Hand Weapons
 a - a +0 shortbow (weapon)
Armour
 h - the +0 leather armour "Ygurph" {rPois rF- Will+}
   (You found it on level 2 of the Dungeon)

   rF-:       It makes you vulnerable to fire.
   rPois:     It protects you from poison Will+: It increases your willpower.
 i - the +0 ring mail of Vanity (worn) {rF+}
   (You found it on level 2 of the Dungeon)

   rF+:       It protects you from fire.
Jewellery
 b - a ring of protection from fire (left hand)
Scrolls
 d - a scroll of enchant weapon {unknown}
 f - a scroll of vulnerability {unknown}
Potions
 c - a potion of curing {unknown}
 e - a potion of heal wounds {unknown}
 g - a potion of might {unknown}

Dungeon Overview and Level Annotations

Branches:
Dungeon (3/15)

Altars:

Annotations:
D:3 Robin


Message History

The goblins go into a battle-frenzy!
The goblin hits you but does no damage.
You hear a shout!
The goblin shouts!
You hear a shout!
You shoot an arrow. The arrow hits the goblin.
You kill the goblin!
You hear a loud squeak.
A hobgoblin comes into view.
The goblin closely misses you. Robin throws the goblin at you!
The goblin closely misses you.
You shoot an arrow. The arrow closely misses the goblin.
The goblin closely misses you. The goblin barely misses you.
Robin roars a battlecry!
The goblin goes into a battle-frenzy!
You hear a shout!
You shoot an arrow. The arrow hits the goblin!
You kill the goblin!
The goblin barely misses you. Robin throws the goblin at you!
You shoot an arrow. The arrow barely misses the goblin.
The goblin barely misses you. Robin throws the goblin at you!
The goblin closely misses you.
You shoot an arrow. The arrow barely misses the goblin.
The goblin completely misses you.
A hobgoblin comes into view.
The goblin hits you but does no damage. The goblin hits you with a +0 dagger.
You shoot an arrow. The arrow hits the goblin.
You kill the goblin!
The goblin hits you with a +0 dagger. The goblin hits you with a +0 club. x2
The goblin hits you but does no damage. The goblin barely misses you. x2
Robin roars a battlecry!
The hobgoblins go into a battle-frenzy!
You shoot an arrow.
The arrow hits Robin but does no damage.
The goblin completely misses you. The goblin hits you but does no damage.
The goblin closely misses you.
A goblin comes into view. It is wielding a +0 club.
Robin zaps a wand.
You resist with some effort.
You shoot an arrow. The arrow hits Robin.
Robin is moderately wounded.
The goblin hits you with a +0 dagger.
You die...

7. 7. g. . .#
.. 7. ..#
.7...7. ..)7.
..... .#.#.. .
..#.#...... #.#
########
......7g..7....
#..'...#
#.7..gg#g...7
...#...#
.#....7@).7
%..##..#
....#.gg#...#
#####.%#
#.....# #....
...#...#
##....# ...
...#...# ####)#
. #####..#
##.### ##%.#..#
#....# ....'..#
######....#
).8##..#
#....#....#


You could see Robin, 2 hobgoblins and 4 goblins.

Vanquished Creatures
  A howler monkey (D:2)
  A gnoll (D:1)
  2 adders
  2 dart slugs
  5 orcs (D:3)
  5 ball pythons
  3 endoplasms
  A giant cockroach (D:1)
  10 goblins
  9 hobgoblins
  6 jackals (D:2)
  7 kobolds
  5 quokkas
  3 frilled lizards
  3 rats
63 creatures vanquished.

Notes
Turn   | Place    | Note
-------+----------+-------------------------------------------
     0 | D:1      | qw the Deep Elf Hunter began the quest for the Orb.
     0 | D:1      | Reached XP level 1. HP: 12/12 MP: 3/3
     0 | D:1      | 0 ||| qw: Version: 0.3-a-160-g6735b56
     0 | D:1      | 0 ||| qw: Game counter: 5019
     0 | D:1      | 0 ||| qw: Melee chars always use a shield: true
     0 | D:1      | 0 ||| qw: God list: Okawaru
     0 | D:1      | 0 ||| qw: Allow faded altars: false
     0 | D:1      | 0 ||| qw: Do Orc after clearing Dungeon:15 true
     0 | D:1      | 0 ||| qw: Do second Lair branch before Depths: true
     0 | D:1      | 0 ||| qw: Lair rune preference: random
     0 | D:1      | 0 ||| qw: Goals: Normal
     0 | D:1      | 0 ||| PLANNING D:1-11
   121 | D:1      | Noticed a golden eye
   122 | D:1      | Found a faded altar of an unknown god.
   126 | D:1      | Noticed a great orb of eyes
   131 | D:1      | Noticed a golden eye
   131 | D:1      | Noticed a golden eye
   290 | D:1      | Reached skill level 6 in Ranged Weapons
   290 | D:1      | Reached XP level 2. HP: 16/16 MP: 4/4
   402 | D:1      | Reached XP level 3. HP: 20/20 MP: 5/5
   465 | D:1      | 465 ||| READING scroll labelled PYLITZIOKO.
   556 | D:1      | 556 ||| DROPPING scroll of butterflies.
   576 | D:2      | 576 ||| STAIRDANCE
   601 | D:2      | Reached skill level 7 in Ranged Weapons
   993 | D:2      | Identified the +0 leather armour "Ygurph" {rPois rF- Will+}
   998 | D:2      | Identified the +0 ring mail of Vanity {rF+}
  1049 | D:2      | Reached XP level 4. HP: 25/25 MP: 6/6
  1053 | D:2      | Reached skill level 8 in Ranged Weapons
  1248 | D:2      | 1248 ||| UPGRADING to +0 leather armour "Ygurph" {rPois rF-
                  | Will+}.
  1258 | D:2      | 1258 ||| DROPPING +0 leather armour.
  1259 | D:2      | 1259 ||| UPGRADING to +0 ring mail of Vanity {rF+}.
  1269 | D:2      | 1269 ||| UPGRADING to ring of protection from fire.
  1270 | D:2      | 1270 ||| READING scroll labelled UKES FOQUN.
  1271 | D:2      | 1271 ||| READING scroll labelled XUDAPA PEJU.
  1272 | D:2      | 1272 ||| DRINKING 4 fuming grey potions.
  1310 | D:2      | 1310 ||| DROPPING 3 potions of lignification.
  1577 | D:3      | Reached XP level 5. HP: 29/29 MP: 7/7
  1586 | D:3      | Noticed Robin
  1599 | D:3      | HP: 6/29 [goblin/+0 club[Robin] (4)]
  1601 | D:3      | Slain by a goblin

Levels and vault maps discovered:
D:1:      evilmike_arrival_crescent, layout_loops_ring,
          hellmonk_ecumenical_altar_watching_god, serial_glass, glass_columns_a,
          glass_columns_b
D:2:      layout_basic, kennysheep_generic_room_2
D:3:      minmay_chambers_of_twos, layout_basic, minitemple,
          ebering_ghost_rock_garden, nicolae_kite_square_tiling_tiny, uniq_robin

Skill      XL: |  1  2  3  4 |
---------------+-------------+-----
Ranged Weapons | 6 7 8 |  8.5
Fighting       | |  1.5
Dodging        | |  2.4
Stealth        | |  1.2

Action                     |  1- 3 |  4- 6 || total
---------------------------+-------+-------++-------
   Fire: Shortbow          |    97 |    62 ||   159
    Use: Scroll            |     1 |     2 ||     3
         Potion            |       |     1 ||     1
 Armour: Leather armour    |     5 |     7 ||    12
         Ring mail         |       |    24 ||    24
  Dodge: Dodged            |    13 |    15 ||    28

Table legend:
 A = Non-vault XP
 B = Vault XP
 C = Vault XP percentage of total XP
 D = Non-vault monster count
 E = Vault monster count
 F = Vault count percentage of total count
                 A         B        C        D         E       F
            +---------+---------+-------+---------+---------+-------
      Total |     183 |      30 |  14.1 |      46 |      17 |  27.0
            +---------+---------+-------+---------+---------+-------
        D:1 |      58 |       0 |   0.0 |      19 |       0 |   0.0
        D:2 |     103 |       3 |   2.8 |      19 |       2 |   9.5
        D:3 |      22 |      27 |  55.1 |       8 |      15 |  65.2
            +---------+---------+-------+---------+---------+-------
